Map: Ruins of Seras

Players

NXZ

  • Race: Zerg Zerg
  • League: Grandmaster

lIlIlIlIlIlI (SortOf) - Winner!

  • Race: Zerg Zerg

Event: NationWars III

VOD

Have the link to the VOD?

Description

Time

  • Played on: Dec. 6, 2015, 1:25 p.m.
  • Length: 7:16
Show
View Real Time Build Order
Export as new Build Order

NXZ Zerg 

Build Orders: Pool First 

Get SALT Encoding   

  12  0:01  Drone  
  13  0:10  Drone  
  14  0:17  Extractor  
  14  0:18  Drone  
  14  0:33  Spawning Pool  
  13  0:36  Drone  
  14  0:42  Extractor  
  14  0:45  Drone  
  15  0:52  Overlord  
  15  1:21  Zergling x6  
  15  1:23  Metabolic Boost  
  18  1:28  Queen  
  20  1:33  Zergling x2  
  21  1:43  Baneling Nest  
  21  1:45  Zergling x2  
  21  1:55  Zergling x2  
  22  2:06  Overlord  
  22  2:27  Hatchery  
  22  2:29  Baneling x2  
  21  2:34  Drone  
  22  2:39  Drone  
  22  2:44  Drone  
  24  2:49  Drone  
  20  3:06  Drone x3  
  20  3:12  Zergling x4  
  24  3:15  Zergling x2  
  25  3:25  Zergling x2  
  26  3:30  Queen  
  26  3:32  Baneling x3  
  28  3:35  Drone  
  28  3:41  Drone x2  
  30  3:46  Drone  
  32  3:50  Drone  
  31  3:56  Zergling x4  
  31  4:02  Drone x2  
  33  4:12  Drone x3  
  33  4:14  Overlord  
  36  4:22  Lair  
  36  4:23  Extractor  
  35  4:27  Drone  
  35  4:28  Extractor  
  35  4:29  Drone  
  36  4:32  Overlord  
  36  4:38  Zergling x2  
  37  4:42  Drone x3  
  39  4:51  Drone x5  
  44  4:56  Drone, Extractor  
  44  4:59  Drone  
  44  5:05  Drone  
  45  5:11  Spine Crawler  
  44  5:20  Spire  
  44  5:21  Drone x2  
  45  5:22  Drone x2  
  45  5:23  Drone  
  48  5:28  Zergling x2  
  48  5:29  Zergling x2  
  48  5:33  Zergling x2  
  51  5:35  Overlord  
  51  5:47  Overlord x2  
  51  5:50  Zergling x2  
  51  5:53  Overlord  
  51  5:55  Overlord  
  52  5:57  Hatchery  
  50  6:27  Zergling x2  
  50  6:28  Zergling x20  
  50  6:32  Mutalisk  
  63  6:39  Mutalisk  
  63  6:40  Mutalisk  
  67  6:51  Baneling x5  
  67  6:52  Baneling  
Show
View Real Time Build Order
Export as new Build Order

lIlIlIlIlIlI Zerg - Winner!

Build Orders: Pool First 

Get SALT Encoding   

  12  0:01  Drone  
  13  0:13  Overlord  
  13  0:18  Drone  
  14  0:31  Drone x2  
  14  0:35  Drone  
  17  0:46  Spawning Pool  
  17  0:49  Drone  
  17  0:59  Drone  
  17  1:03  Extractor  
  17  1:08  Drone  
  18  1:19  Hatchery  
  17  1:31  Overlord  
  17  1:34  Queen  
  17  1:38  Zergling x2  
  20  1:48  Zergling x2  
  20  1:52  Baneling Nest  
  20  1:54  Zergling x2  
  21  2:02  Spine Crawler  
  21  2:06  Zergling x2  
  21  2:19  Queen  
  23  2:26  Zergling x2  
  23  2:29  Zergling x2  
  25  2:35  Baneling x3  
  25  2:38  Baneling  
  25  2:46  Baneling  
  25  2:51  Zergling x4  
  27  3:04  Drone x3  
  29  3:06  Drone  
  29  3:09  Drone  
  31  3:19  Overlord  
  31  3:24  Drone x2  
  33  3:29  Metabolic Boost  
  33  3:33  Drone  
  34  3:38  Drone  
  34  3:39  Drone  
  36  3:42  Drone  
  36  3:44  Baneling  
  36  3:46  Drone  
  37  4:01  Drone x2  
  37  4:07  Drone x3  
  37  4:09  Overlord  
  39  4:10  Drone, Zergling x2  
  39  4:11  Drone  
  39  4:12  Drone  
  39  4:16  Drone  
  42  4:17  Drone  
  42  4:27  Lair  
  42  4:29  Evolution Chamber, Baneling  
  41  4:32  Baneling  
  41  4:33  Extractor  
  41  4:34  Drone x2  
  41  4:38  Drone x2  
  44  4:41  Queen  
  46  4:53  Overlord  
  46  4:57  Extractor  
  46  4:58  Drone  
  46  5:05  Roach Warren  
  46  5:06  Zergling x2  
  46  5:08  Hatchery  
  46  5:11  Zerg Missile Weapons Level 1  
  45  5:16  Queen  
  45  5:17  Drone x2  
  49  5:22  Drone x2  
  49  5:25  Overseer  
  51  5:29  Overlord  
  51  5:37  Overlord  
  51  5:46  Nydus Network  
  51  5:49  Overlord  
  50  5:52  Queen  
  50  5:53  Queen  
  54  5:58  Roach x3  
  54  6:03  Drone x2  
  64  6:04  Roach  
  64  6:13  Roach x2  
  64  6:14  Roach x2  
  64  6:18  Roach  
  74  6:21  Queen  
  74  6:25  Nydus Canal  
  76  6:28  Roach  
  76  6:32  Queen  
  80  6:36  Queen  
  82  6:41  Drone, Roach  
  85  6:48  Roach x2  
  85  6:52  Spore Crawler x2  
Tags
 
Add a new tag
Caveats
  • Supply blocks, unpowered buildings, or Contaminate may cause inaccurate times.
  • Supply counts are checked every 10 seconds.